 Dungeon Crawl Stone Soup version 0.27-a0-1416-g941b2bd30b (webtiles) character file.

Game seed: 6512794109476473338

200 pyrow613 the Skirmisher (level 5, -7/70 HPs)
             Began as a Draconian Berserker on July 1, 2021.
             Was a Priest of Trog.
             Mangled by an ice beast (9 damage)
             ... on level 4 of the Dungeon.
             The game lasted 00:04:10 (4861 turns).

pyrow613 the Skirmisher (Draconian Berserker)       Turns: 4861, Time: 00:04:11

Health: -7/70      AC:  5    Str: 20    XL:     5   Next: 48%
Magic:  0/5        EV: 12    Int:  7    God:    Trog [***...]
Gold:   229        SH:  0    Dex: 11    Spells: 4/4 levels left

rFire    . . .     SeeInvis .   a - +0 falchion
rCold    . . .     Faith    .   (no shield)
rNeg     . . .     Spirit   +   (armour unavailable)
rPois    .         Reflect  .   (helmet restricted)
rElec    .         Harm     .   (no cloak)
rCorr    .         Rampage  .   (no gloves)
Will     .....                  (no boots)
Stlth    ..........             i - amulet of guardian spirit
HPRegen  0.21/turn              (no ring)
MPRegen  0.09/turn              (no ring)

@: berserking (expiring), slowed
A: AC +5, unfitting armour, cold-blooded
a: Renounce Religion, Berserk, Trog's Hand


You were on level 4 of the Dungeon.
You worshipped Trog.
Trog was most pleased with you.
You visited 1 branch of the dungeon, and saw 4 of its levels.

You collected 229 gold pieces.

Inventory:

Hand Weapons
 a - a +0 falchion (weapon)
Jewellery
 i - an amulet of guardian spirit (around neck)
 j - a +6 ring of strength
Scrolls
 b - a scroll of silence {unknown}
 d - 3 scrolls of identify {unknown}
 e - a scroll of enchant weapon {unknown}
 f - a scroll of magic mapping {unknown}
 g - 2 scrolls of teleportation {unknown}
 h - a scroll of amnesia {unknown}
 l - a scroll of summoning {unknown}
 m - a scroll of vulnerability {unknown}
Potions
 c - 2 potions of curing {unknown}
 k - a potion of mutation {unknown}


   Skills:
 * Level 4.9 Fighting
 * Level 4.5 Long Blades
 + Level 3.6 Dodging


You had 4 spell levels left.
You didn't know any spells.
Your spell library was empty.

Dungeon Overview and Level Annotations

Branches:
Dungeon (4/15)
 Temple: D:4-7

Altars:
Ashenzari
Nemelex Xobeh


Innate Abilities, Weirdness & Mutations

Your plain brown scales are hard. (AC +5)
You cannot fit into any form of body armour.
You are cold-blooded and may be slowed by cold attacks.


Message History

The ice beast hits you but does no damage.
Okay, then.
You barely miss the ice beast. The ice beast hits you.
The ice beast freezes you.
You feel yourself slow down.
You hit the ice beast.
Your tail-slap misses the ice beast.
The ice beast is lightly wounded.
The ice beast hits you. The ice beast freezes you!
You feel as though you will be slow longer.
The ice beast hits you. The ice beast freezes you!
You feel as though you will be slow longer.
Unknown command.
Unknown command.
A red film seems to cover your vision as you go berserk!
You feel yourself moving faster!
You feel mighty! The ice beast hits you.
* * * LOW HITPOINT WARNING * * *
The ice beast freezes you!
* * * LOW HITPOINT WARNING * * *
Unknown command.
You closely miss the ice beast.
The ice beast is lightly wounded.
The ice beast hits you but does no damage.
You slash the ice beast!
The ice beast is moderately wounded.
The ice beast closely misses you.
You riposte.
You hit the ice beast but do no damage.
The ice beast is moderately wounded.
You barely miss the ice beast.
The ice beast is moderately wounded.
The ice beast closely misses you.
You hit the ice beast.
The ice beast is heavily wounded.
The ice beast hits you.
* * * LOW HITPOINT WARNING * * *
The ice beast freezes you!
* * * LOW HITPOINT WARNING * * *
The ice beast hits you.
* * * LOW HITPOINT WARNING * * *
The ice beast freezes you!
You feel as though you will be slow longer.
You die...

#.# #.##.######## #
#.# #.##.# # #.#
#.##.# # #.# #.##.# #
#. #.##.# # #. #.##.#
# #.##.# #
#.####.##.############
#...Y@................
######.##.############
#.##.# # #.##.# #
#.##.# # #.##.# #
.....# # ...... # #


You could see an ice beast.

Vanquished Creatures
  A centaur skeleton (D:2)
  An iguana (D:4)
  5 adders
  An adder skeleton (D:4)
  2 worms (D:2)
  2 dart slugs (D:1)
  4 orcs
  5 bats
  8 endoplasms
  7 giant cockroaches
  6 goblins
  7 hobgoblins
  3 jackals (D:1)
  3 quokkas
  10 ball pythons
  A frilled lizard (D:1)
  7 kobolds
  4 rats
77 creatures vanquished.

Vanquished Creatures (others)
  2 plants (D:1)
2 creatures vanquished.

Grand Total: 79 creatures vanquished

Notes
Turn   | Place    | Note
-------+----------+-------------------------------------------
     0 | D:1      | pyrow613 the Draconian Berserker began the quest for the
                  | Orb.
     0 | D:1      | Reached XP level 1. HP: 19/19 MP: 1/1
    81 | D:1      | Reached XP level 2. HP: 6/26 MP: 2/2
   633 | D:1      | Found a faded altar of an unknown god.
   698 | D:1      | Reached XP level 3. HP: 28/33 MP: 3/3
   700 | D:1      | Reached ** piety under Trog
  1511 | D:2      | Reached XP level 4. HP: 32/40 MP: 4/4
  3382 | D:3      | Reached XP level 5. HP: 47/47 MP: 5/5
  3474 | D:3      | Reached *** piety under Trog
  3555 | D:3      | Found a sparkling altar of Nemelex Xobeh.
  3935 | D:3      | Found a broken altar of Ashenzari.
  4849 | D:4      | Noticed an ice beast
  4861 | D:4      | HP: 3/70 [ice beast (8)]
  4861 | D:4      | Mangled by an ice beast

Illustrated notes

Levels and vault maps discovered:
D:1:      wander_arrival_lonely_grave, layout_loops_cross,
          shapermc_ecumenical_altar_mp_urbaneastern, minmay_split_cup_large
D:2:      minmay_diamond_boxcup, layout_basic
D:3:      layout_loops_ring, lemuel_round_altar, amcnicky_altar_gilded
D:4:      layout_basic

Skill      XL: |  1  2  3  4 |
---------------+-------------+-----
Dodging        | 3 |  3.6
Fighting       | 4 |  4.9
Long Blades    | 4 |  4.5

Action                   |  1- 3 |  4- 6 || total
-------------------------+-------+-------++-------
Melee: Falchion          |   105 |   133 ||   238
       Tailslap          |    17 |    21 ||    38
Invok: Berserk           |       |     2 ||     2
 Stab: Sleeping          |     1 |     3 ||     4
Armor: Skin              |    49 |    43 ||    92
Dodge: Dodged            |    78 |    66 ||   144
       Rpst.: Falchion   |    28 |    18 ||    46

Table legend: (Time is in decaauts)
 A = Elapsed time spent in this place.
 B = Non-inter-level travel time spent in this place.
 C = Inter-level travel time spent in this place.
 D = Time resting spent in this place.
 E = Time spent auto-exploring this place.
 F = Levels seen in this place.
 G = Mean time per level.
                   A        B        C        D        E       F      G
               +--------+--------+--------+--------+--------+-----+--------+
         Total |   4906 |   4792 |    114 |   1356 |   2908 |   4 | 1226.5 |
       Dungeon |   4906 |   4792 |    114 |   1356 |   2908 |   4 | 1226.5 |
               +--------+--------+--------+--------+--------+-----+--------+

Top non-repeatable levels by time:
     D:2: 2140 daAuts
     D:1: 1241 daAuts
     D:4: 851 daAuts
     D:3: 673 daAuts
